 Dungeon Crawl Stone Soup version 0.19.1 (webtiles) character file.

88 lorenzova the Conjurer (level 4, -14/24 HPs)
             Began as a Deep Elf Conjurer on Dec 12, 2016.
             Killed by divine providence
             ... invoked by an orc priest
              (16 damage)
             ... on level 3 of the Dungeon.
             The game lasted 00:02:53 (2209 turns).

lorenzova the Conjurer (Deep Elf Conjurer)          Turns: 2209, Time: 00:02:54

Health: -14/24     AC:  2    Str:  5    XL:     4   Next: 29%
Magic:  2/13       EV: 13    Int: 21    God:
Gold:   126        SH:  0    Dex: 15    Spells: 2 memorised, 8 levels left

rFire  . . .     SeeInvis .     (no weapon)
rCold  . . .     Gourm    .     a - +0 robe
rNeg   . . .     Faith    .     (no shield)
rPois  .         Spirit   .     (no helmet)
rElec  .         Reflect  .     (no cloak)
rCorr  .         Harm     .     (no gloves)
MR     .....                    (no boots)
Stlth  ++........               (no amulet)
                                (no ring)
                                (no ring)

@: no status effects
A: no striking features
a: no special abilities


You were on level 3 of the Dungeon.
You were hungry.

You visited 1 branch of the dungeon, and saw 3 of its levels.

You collected 126 gold pieces.

Inventory:

Armour
 a - a +0 robe (worn)
Scrolls
 d - 3 scrolls of identify {unknown}
 g - 2 scrolls of blinking {unknown}
 h - 2 scrolls of teleportation {unknown}
 i - a scroll of noise {unknown}
 j - a scroll of magic mapping {unknown}
 n - a scroll of random uselessness {unknown}
 o - a scroll of fear {unknown}
Potions
 e - a potion of mutation {unknown}
 l - 2 potions of agility {unknown}
 m - a potion of berserk rage {unknown}
 p - 2 potions of degeneration {unknown}
Books
 b - a book of Conjurations

   Spells                             Type                      Level
   a - Magic Dart                     Conjuration                  1
   b - Searing Ray                    Conjuration                  2
   c - Dazzling Spray                 Conjuration/Hexes            3
   d - Fulminant Prism                Conjuration/Hexes            4
   e - Iskenderun's Mystic Blast      Conjuration                  4
   f - Iskenderun's Battlesphere      Conjuration/Charms           5
Comestibles
 c - 2 bread rations
 f - 4 fruits
 k - a meat ration


   Skills:
 - Level 2.4 Dodging
 - Level 2.4 Stealth
 + Level 5.2 Spellcasting
 + Level 5.2 Conjurations


You had 8 spell levels left.
You knew the following spells:

 Your Spells              Type           Power        Failure   Level  Hunger
a - Magic Dart            Conj           ####         1%          1    None
b - Iskenderun's Mystic   Conj           ####....     14%         4    ####...


Dungeon Overview and Level Annotations

Branches:
Dungeon (3/15)

Altars:


Message History

The magic dart hits the orc priest.
The orc priest is heavily wounded.
The orc priest hits you with a dagger.
Casting: Magic Dart
Confirm with . or Enter, or press ? or * to list all spells.
Aiming: Magic Dart
Press: ? - help, Shift-Dir - straight line, f/p - orc priest
Aim: an orc priest, wielding a dagger and wearing a leather armour (heavily wounded)
The magic dart hits the orc priest.
The orc priest is severely wounded.
The orc priest hits you but does no damage.
The orc priest invokes the aid of Beogh against you.
Beogh smites you!
Ouch! That really hurt!
* * * LOW HITPOINT WARNING * * *
There is an escape hatch in the ceiling here.
The orc priest mumbles some strange prayers to Beogh against you.
Beogh smites you!
Ouch! That really hurt!
You die...

..............# #.#.###
#####...#####.#############.#....
(...>...+........................
#.##....#####.###'#########...##.
#.##....# #............ #...#..
#.##....# #............ #...###
#.##....# #............##......
#.##....# #..(.[.......+.......
#.##....# #.o.@........###...<#
..##....# #.###..#########.....
..... #.# #............†...
..##.########.###................
.................................
.###.########.###................
..(......####.###................
.###..............)..............
............#.#<).#...........


You could see an orc priest.

Vanquished Creatures
  2 adders
  3 dart slugs
  2 leopard geckos
  3 orcs (D:3)
  8 bats
  4 giant cockroaches
  9 goblins
  3 hobgoblins
  3 jackals (D:2)
  3 kobolds
  4 frilled lizards
  13 rats
57 creatures vanquished.

Notes
Turn   | Place    | Note
-------+----------+-------------------------------------------
     0 | D:1      | lorenzova the Deep Elf Conjurer began the quest for the Orb.
     0 | D:1      | Reached XP level 1. HP: 10/10 MP: 6/6
   320 | D:1      | Reached XP level 2. HP: 15/15 MP: 6/8
   930 | D:1      | Reached XP level 3. HP: 14/19 MP: 5/10
  1482 | D:2      | Reached skill level 5 in Conjurations
  1688 | D:2      | Reached skill level 5 in Spellcasting
  1926 | D:3      | Reached XP level 4. HP: 24/24 MP: 9/13
  1932 | D:3      | Learned a level 4 spell: Iskenderun's Mystic Blast
  2209 | D:3      | Killed from afar by an orc priest

Skill      XL: |  1  2  3 |
---------------+----------+-----
Spellcasting   | 4 5 |  5.2
Conjurations   | 5 |  5.2
Dodging        | |  2.4
Stealth        | |  2.4

Action                   |  1- 3 |  4- 6 || total
-------------------------+-------+-------++-------
 Cast: Magic Dart        |    87 |    24 ||   111
       Iskenderun's Myst |       |     1 ||     1
  Eat: Chunk             |     3 |       ||     3
Dodge: Dodged            |     5 |     1 ||     6
